TOP OF THE 1ST |
---|
Arkansas Razorbacks batting - Pitching for West Virginia Mountaineers : RHP Juan Vera | Pitching: RHP Juan Vera | | Batting: SHB Doug Thompson | 0-0: Ball 1-0: Bunted foul 1-1: Swinging Strike 1-2: SINGLE (Line Drive, 8RS) | Batting: RHB Stuart Mitchell | 0-0: Ball 1-0: Called Strike 1-1: Swinging Strike 1-2: Fly out, F3 (Popup, 3S) | Batting: RHB Hank Brown | 0-0: Fly out, F9 (Flyball, 9) | Batting: RHB Peter Bannatyne | 0-0: Ball 1-0: Called Strike Doug Thompson steals 2nd base 1-1: Foul Ball, location: 2F 1-2: Ball 2-2: Ball 3-2: Ground out 4-3 (Groundball, 4M) | Top of the 1st over - 0 runs, 1 hit, 0 errors, 1 left on base; Arkansas 0 - West Virginia 0 | BOTTOM OF THE 1ST |
---|
West Virginia Mountaineers batting - Pitching for Arkansas Razorbacks : RHP William Stephens | Pitching: RHP William Stephens | | Batting: RHB Víctor León | 0-0: Called Strike 0-1: Ball 1-1: Called Strike 1-2: Strikes out swinging | Batting: SHB Darrel Harris | 0-0: Ball 1-0: Ball 2-0: Called Strike 2-1: Ground out 4-3 (Groundball, 4) | Batting: RHB David Randall | 0-0: Ball 1-0: Swinging Strike 1-1: Ground out 1-3 (Groundball, 13S) | Bottom of the 1st over - 0 runs, 0 hits, 0 errors, 0 left on base; Arkansas 0 - West Virginia 0 | TOP OF THE 2ND |
---|
Arkansas Razorbacks batting - Pitching for West Virginia Mountaineers : RHP Juan Vera | Batting: RHB Miguel Márquez | 0-0: Swinging Strike 0-1: Ground out 5-3 (Groundball, 56S) | Batting: LHB Conan Brown | 0-0: Ball 1-0: Ball 2-0: Called Strike 2-1: Ball 3-1: Swinging Strike 3-2: Foul Ball, location: 2F 3-2: Base on Balls | Batting: RHB Kyle Younger | 0-0: Called Strike 0-1: SINGLE (Flyball, 9S) Conan Brown to second | Batting: LHB Edgardo Aguilar | 0-0: Ball 1-0: Grounds out, U3 (Groundball, 3L) Conan Brown to third | Batting: RHB Ken Long | 0-0: Ball 1-0: Foul Ball, location: 2F 1-1: Ball 2-1: Foul Ball, location: 2F 2-2: Ball 3-2: Base on Balls | Batting: SHB Doug Thompson | 0-0: Foul Ball, location: 2F 0-1: Ball 1-1: Fly out, F3 (Popup, 3) | Top of the 2nd over - 0 runs, 1 hit, 0 errors, 3 left on base; Arkansas 0 - West Virginia 0 | BOTTOM OF THE 2ND |
---|
West Virginia Mountaineers batting - Pitching for Arkansas Razorbacks : RHP William Stephens | Batting: LHB Jeremy Howard | 0-0: Ball 1-0: Foul Ball, location: 2F 1-1: Called Strike 1-2: Ball 2-2: Foul Ball, location: 2F 2-2: Foul Ball, location: 2F 2-2: Strikes out looking | Batting: LHB Juan Garza | 0-0: Foul Ball, location: 2F 0-1: Foul Ball, location: 2F 0-2: Foul Ball, location: 2F 0-2: Foul Ball, location: 2F 0-2: Strikes out swinging | Batting: LHB José Galindo | 0-0: Ball 1-0: Ball 2-0: Ball 3-0: Base on Balls | Batting: SHB George Murphy | 0-0: Ball 1-0: Foul Ball, location: 2F 1-1: Called Strike 1-2: Foul Ball, location: 2F 1-2: Foul Ball, location: 2F 1-2: Strikes out swinging | Bottom of the 2nd over - 0 runs, 0 hits, 0 errors, 1 left on base; Arkansas 0 - West Virginia 0 | TOP OF THE 3RD |
---|
Arkansas Razorbacks batting - Pitching for West Virginia Mountaineers : RHP Juan Vera | Batting: RHB Stuart Mitchell | 0-0: Called Strike 0-1: SOLO HOME RUN (Flyball, 7D), Distance : 346 ft | Batting: RHB Hank Brown | 0-0: SINGLE (Flyball, 9LM) | Batting: RHB Peter Bannatyne | 0-0: Called Strike 0-1: Foul Ball, location: 2F 0-2: Ball 1-2: Fielders Choice at 2nd, 6-4 (Groundball, 6) | Batting: RHB Miguel Márquez | 0-0: Ball 1-0: Foul Ball, location: 2F 1-1: Fly out, F8 (Flyball, 78M) | Batting: LHB Conan Brown | 0-0: Ball 1-0: Called Strike 1-1: Called Strike 1-2: Ball 2-2: Strikes out swinging | Top of the 3rd over - 1 run, 2 hits, 0 errors, 1 left on base; Arkansas 1 - West Virginia 0 | BOTTOM OF THE 3RD |
---|
West Virginia Mountaineers batting - Pitching for Arkansas Razorbacks : RHP William Stephens | Batting: RHB Pancho Rodríguez | 0-0: Ball 1-0: Ball 2-0: Ground out 6-3 (Groundball, 6) | Batting: RHB Chris Smith | 0-0: Swinging Strike 0-1: Ball 1-1: Ground out 6-3 (Groundball, 6) | Batting: RHB Víctor León | 0-0: Called Strike 0-1: Swinging Strike 0-2: Fly out, F7 (Flyball, 7LMF) | Bottom of the 3rd over - 0 runs, 0 hits, 0 errors, 0 left on base; Arkansas 1 - West Virginia 0 | TOP OF THE 4TH |
---|
Arkansas Razorbacks batting - Pitching for West Virginia Mountaineers : RHP Juan Vera | Batting: RHB Kyle Younger | 0-0: Ball 1-0: Ball 2-0: Foul Ball, location: 2F 2-1: Ground out 5-3 (Groundball, 56D) | Batting: LHB Edgardo Aguilar | 0-0: Ball 1-0: Swinging Strike 1-1: Ball 2-1: Ball 3-1: Base on Balls | Batting: RHB Ken Long | 0-0: Called Strike 0-1: Ball 1-1: Ball 2-1: Ball 3-1: Base on Balls Edgardo Aguilar to second | Batting: SHB Doug Thompson | 0-0: Called Strike 0-1: Swinging Strike 0-2: Strikes out swinging | Batting: RHB Stuart Mitchell | 0-0: Foul Ball, location: 2F 0-1: Swinging Strike 0-2: Foul Ball, location: 2F 0-2: SINGLE (Line Drive, 34) Edgardo Aguilar to third Ken Long to second | Batting: RHB Hank Brown | 0-0: Swinging Strike 0-1: Foul Ball, location: 2F 0-2: Ball 1-2: Strikes out swinging | Top of the 4th over - 0 runs, 1 hit, 0 errors, 3 left on base; Arkansas 1 - West Virginia 0 | BOTTOM OF THE 4TH |
---|
West Virginia Mountaineers batting - Pitching for Arkansas Razorbacks : RHP William Stephens | Batting: SHB Darrel Harris | 0-0: Ground out 4-3 (Groundball, 4) | Batting: RHB David Randall | 0-0: Called Strike 0-1: Ball 1-1: Ball 2-1: Ball 3-1: Base on Balls | Batting: LHB Jeremy Howard | 0-0: Called Strike 0-1: Foul Ball, location: 2F 0-2: Foul Ball, location: 2F 0-2: Ground out 3-1 (Groundball, 34S) David Randall to second | Batting: LHB Juan Garza | 0-0: Ball 1-0: Swinging Strike 1-1: Foul Ball, location: 2F 1-2: Ball 2-2: Fly out, F9 (Flyball, 9S) | Bottom of the 4th over - 0 runs, 0 hits, 0 errors, 1 left on base; Arkansas 1 - West Virginia 0 | TOP OF THE 5TH |
---|
Arkansas Razorbacks batting - Pitching for West Virginia Mountaineers : RHP Juan Vera | Batting: RHB Peter Bannatyne | 0-0: Ball 1-0: Called Strike 1-1: Foul Ball, location: 2F 1-2: Ground out 3-1 (Groundball, 34S) | Pitching: RHP Nolan Inman | | Batting: RHB Miguel Márquez | 0-0: Called Strike 0-1: Foul Ball, location: 2F 0-2: Ball 1-2: Strikes out swinging | Batting: LHB Conan Brown | 0-0: Ball 1-0: Ball 2-0: Called Strike 2-1: Foul Ball, location: 2F 2-2: Ball 3-2: Foul Ball, location: 2F 3-2: Foul Ball, location: 2F 3-2: Strikes out swinging | Top of the 5th over - 0 runs, 0 hits, 0 errors, 0 left on base; Arkansas 1 - West Virginia 0 | BOTTOM OF THE 5TH |
---|
West Virginia Mountaineers batting - Pitching for Arkansas Razorbacks : RHP William Stephens | Batting: LHB José Galindo | 0-0: Foul Ball, location: 2F 0-1: Foul Ball, location: 2F 0-2: Ball 1-2: Foul Ball, location: 2F 1-2: Ball 2-2: Foul Ball, location: 2F 2-2: Foul Ball, location: 2F 2-2: Foul Ball, location: 2F 2-2: Strikes out swinging | Batting: SHB George Murphy | 0-0: Ball 1-0: Swinging Strike 1-1: DOUBLE (Line Drive, 7LM) | Batting: RHB Pancho Rodríguez | 0-0: Foul Ball, location: 2F 0-1: Ball 1-1: SINGLE (Groundball, 6MD) George Murphy to third | Batting: RHB Chris Smith | 0-0: Ball Throwing error on steal attempt, E2 George Murphy scores Pancho Rodríguez to third 1-0: Swinging Strike 1-1: Swinging Strike 1-2: DOUBLE (Flyball, 78D) Pancho Rodríguez scores | Batting: RHB Víctor León | 0-0: Called Strike 0-1: SINGLE (Groundball, 56D) Chris Smith to third | Batting: SHB Darrel Harris | 0-0: Ball 1-0: Called Strike 1-1: Foul Ball, location: 2F 1-2: Fly out, F7 (Flyball, 7) Runner from 3rd tags up, SCORES, throw made | Pitching: RHP John Foster | | Batting: RHB David Randall | 0-0: Ball 1-0: Foul Ball, location: 2F 1-1: Swinging Strike 1-2: Foul Ball, location: 2F 1-2: Ball 2-2: Fly out, F9 (Flyball, 9) | Bottom of the 5th over - 3 runs, 4 hits, 1 error, 1 left on base; Arkansas 1 - West Virginia 3 | TOP OF THE 6TH |
---|
Arkansas Razorbacks batting - Pitching for West Virginia Mountaineers : RHP Nolan Inman | Batting: RHB Kyle Younger | 0-0: Called Strike 0-1: Ball 1-1: Called Strike 1-2: SINGLE (Line Drive, 34D) | Batting: LHB Edgardo Aguilar | 0-0: Ball 1-0: Called Strike 1-1: Ball 2-1: Foul Ball, location: 2F 2-2: Ball 3-2: Strikes out looking | Batting: RHB Ken Long | 0-0: Called Strike 0-1: Ball 1-1: Foul Ball, location: 2F 1-2: Strikes out swinging | Batting: SHB Doug Thompson | 0-0: Ball 1-0: Swinging Strike 1-1: Ball 2-1: Foul Ball, location: 2F 2-2: Ball 3-2: Base on Balls Kyle Younger to second | Batting: RHB Stuart Mitchell | 0-0: Swinging Strike 0-1: Foul Ball, location: 2F 0-2: Ball 1-2: Ball 2-2: SINGLE (Flyball, 8RS) Kyle Younger to third Doug Thompson to second Runner from 3rd tries for Home, throw and OUT! | Top of the 6th over - 0 runs, 2 hits, 0 errors, 2 left on base; Arkansas 1 - West Virginia 3 | BOTTOM OF THE 6TH |
---|
West Virginia Mountaineers batting - Pitching for Arkansas Razorbacks : RHP John Foster | Batting: LHB Jeremy Howard | 0-0: Ball 1-0: SINGLE (Line Drive, 4D) | Batting: LHB Juan Garza | 0-0: Ball 1-0: Ball 2-0: Foul Ball, location: 2F 2-1: Foul Ball, location: 2F 2-2: Foul Ball, location: 2F 2-2: Ball 3-2: Base on Balls Jeremy Howard to second | Batting: LHB José Galindo | 0-0: Ball 1-0: Ball 2-0: Ball Passed Ball! Jeremy Howard to third Juan Garza to second 3-0: Called Strike 3-1: Foul Ball, location: 2F 3-2: Foul Ball, location: 2F 3-2: SINGLE (Groundball, 34D) Jeremy Howard scores Juan Garza to third Runner from 3rd tries for Home, SAFE, throw made home | Batting: SHB George Murphy | 0-0: Called Strike 0-1: Ball 1-1: Hit by Pitch José Galindo to second | Batting: RHB Pancho Rodríguez | 0-0: Ball 1-0: Swinging Strike 1-1: Ball 2-1: Fly out, F9 (Flyball, 9LD) | Batting: RHB Chris Smith | 0-0: Ball 1-0: Swinging Strike 1-1: Foul Ball, location: 2F 1-2: Ball 2-2: Foul Ball, location: 2F 2-2: Ball 3-2: Base on Balls José Galindo to third George Murphy to second | Batting: RHB Víctor León | 0-0: Called Strike 0-1: Ball 1-1: Ball 2-1: Grounds into fielders choice 6-2 (Groundball, 56) George Murphy to third Chris Smith to second | Batting: SHB Darrel Harris | 0-0: SINGLE (Line Drive, 56) George Murphy scores Chris Smith to third Víctor León to second Runner from 3rd tries for Home, SAFE, throw made home | Batting: RHB David Randall | 0-0: Ball 1-0: Swinging Strike 1-1: Called Strike 1-2: Strikes out looking | Bottom of the 6th over - 4 runs, 3 hits, 0 errors, 2 left on base; Arkansas 1 - West Virginia 7 | TOP OF THE 7TH |
---|
Arkansas Razorbacks batting - Pitching for West Virginia Mountaineers : RHP Nolan Inman | Batting: RHB Hank Brown | 0-0: Ground out 4-3 (Groundball, 4) | Batting: RHB Peter Bannatyne | 0-0: Swinging Strike 0-1: Fly out, F3 (Popup, 3SF) | Batting: RHB Miguel Márquez | 0-0: SINGLE (Line Drive, 7LM) | Batting: LHB Conan Brown | Pickoff Throw to First - Out! | Top of the 7th over - 0 runs, 1 hit, 0 errors, 0 left on base; Arkansas 1 - West Virginia 7 | BOTTOM OF THE 7TH |
---|
West Virginia Mountaineers batting - Pitching for Arkansas Razorbacks : RHP John Foster | Batting: LHB Jeremy Howard | 0-0: Foul Ball, location: 2F 0-1: Foul Ball, location: 2F 0-2: Strikes out looking | Batting: LHB Juan Garza | 0-0: Called Strike 0-1: Fly out, F6 (Popup, 6MD) | Batting: LHB José Galindo | 0-0: Ball 1-0: Called Strike 1-1: Ball 2-1: SINGLE (Groundball, 34D) | Batting: SHB George Murphy | 0-0: Fly out, F7 (Flyball, 7) | Bottom of the 7th over - 0 runs, 1 hit, 0 errors, 1 left on base; Arkansas 1 - West Virginia 7 | TOP OF THE 8TH |
---|
Arkansas Razorbacks batting - Pitching for West Virginia Mountaineers : RHP Nolan Inman | Batting: LHB Conan Brown | 0-0: Ball 1-0: Ball 2-0: Called Strike 2-1: Foul Ball, location: 2F 2-2: DOUBLE (Line Drive, 7LD) | Batting: RHB Kyle Younger | 0-0: Ball 1-0: Foul Ball, location: 2F 1-1: Foul Ball, location: 2F 1-2: Ball 2-2: Strikes out swinging | Batting: LHB Edgardo Aguilar | 0-0: Called Strike 0-1: Fly out, F8 (Line Drive, 8RD) | Batting: RHB Ken Long | 0-0: Called Strike 0-1: Ball 1-1: Foul Ball, location: 2F 1-2: Foul Ball, location: 2F 1-2: Ball 2-2: Strikes out looking | Top of the 8th over - 0 runs, 1 hit, 0 errors, 1 left on base; Arkansas 1 - West Virginia 7 | BOTTOM OF THE 8TH |
---|
West Virginia Mountaineers batting - Pitching for Arkansas Razorbacks : RHP John Foster | Batting: RHB Pancho Rodríguez | 0-0: Ball 1-0: SINGLE (Line Drive, 56) | Batting: RHB Chris Smith | 0-0: Ball Pancho Rodríguez steals 2nd base 1-0: SINGLE (Line Drive, 6MD) Pancho Rodríguez to third Runner from 3rd tries for Home, throw and OUT! | Batting: RHB Víctor León | 0-0: Swinging Strike Chris Smith is caught stealing 2nd base 0-1: Swinging Strike 0-2: Ball 1-2: Ball 2-2: Strikes out looking | Bottom of the 8th over - 0 runs, 2 hits, 0 errors, 0 left on base; Arkansas 1 - West Virginia 7 | TOP OF THE 9TH |
---|
Arkansas Razorbacks batting - Pitching for West Virginia Mountaineers : RHP Nolan Inman | Batting: SHB Doug Thompson | 0-0: Foul Ball, location: 2F 0-1: Foul Ball, location: 2F 0-2: Ball 1-2: SINGLE (Groundball, 25) (infield hit) | Pitching: LHP Josh Fritz | | Batting: RHB Stuart Mitchell | 0-0: Ball 1-0: 2-RUN HOME RUN (Flyball, 7LD), Distance : 322 ft | Batting: RHB Hank Brown | 0-0: SINGLE (Flyball, 9LS) - OUT at second base trying to stretch hit. | Batting: RHB Peter Bannatyne | 0-0: Foul Ball, location: 2F 0-1: Ball 1-1: Foul Ball, location: 2F 1-2: Ball 2-2: Ground out 4-3 (Groundball, 4) | Batting: RHB Miguel Márquez | 0-0: Ball 1-0: Foul Ball, location: 2F 1-1: Foul Ball, location: 2F 1-2: Ball 2-2: Fly out, F8 (Flyball, 8LS) | Top of the 9th over - 2 runs, 3 hits, 0 errors, 0 left on base; Arkansas 3 - West Virginia 7 | |